 Dungeon Crawl Stone Soup version 0.26.0-41-g79a4fc7684 (webtiles) character file.

Game seed: 17784268945432828572

30 DasRunzen the Skirmisher (level 3, -1/29 HPs)
             Began as a Demonspawn Abyssal Knight on Jan 26, 2021.
             Was a Follower of Lugonu.
             Hit by a boomerang thrown by an orc (2 damage)
             ... on level 3 of the Dungeon.
             The game lasted 00:02:47 (1467 turns).

DasRunzen the Skirmisher (DsAK)                     Turns: 1467, Time: 00:02:48

Health: -1/29      AC:  4    Str: 10 (13) XL:     3   Next: 5%
Magic:  0/5        EV: 10    Int: 11 (13) God:    Lugonu [*.....]
Gold:   83         SH:  3    Dex:  9 (12) Spells: 2/2 levels left

rFire    . . .     SeeInvis .   a - +1 spear
rCold    . . .     Faith    .   f - +0 buckler
rNeg     . . .     Spirit   +   b - +0 leather armour
rPois    .         Reflect  .   (helmet restricted)
rElec    .         Harm     .   c - +0 cloak
rCorr    .         Rampage  .   (no gloves)
Will     .....                  (no boots)
Stlth    +.........             (no amulet)
HPRegen  0.09/turn              (no ring)
MPRegen  0.09/turn              (no ring)

@: lethally poisoned (-1 -> -13)
A: horns 1, magic shield
a: Renounce Religion, Depart the Abyss


You were on level 3 of the Dungeon.
You worshipped Lugonu.
Lugonu was aware of your devotion.
You visited 1 branch of the dungeon, and saw 3 of its levels.
You visited the Abyss 1 time.

You collected 83 gold pieces.

Inventory:

Hand Weapons
 a - a +1 spear (weapon)
Armour
 b - a +0 leather armour (worn)
 c - a +0 cloak (worn)
 f - a +0 buckler (worn)
Jewellery
 j - an uncursed ring of magical power {unknown}
Scrolls
 d - 2 scrolls of teleportation
 e - a scroll of identify {unknown}
 k - a scroll of fear
 l - a scroll of blinking {unknown}
Potions
 g - 2 potions of degeneration
 h - a potion of magic {unknown}
 i - 2 potions of heal wounds {unknown}


   Skills:
 + Level 3.2 Fighting
 + Level 2.1 Polearms
 + Level 2.1 Armour
 + Level 1.3 Dodging
 + Level 0.1 Shields
 + Level 3.0 Invocations


You had 2 spell levels left.
You didn't know any spells.
Your spell library was empty.

Dungeon Overview and Level Annotations

Branches:
Dungeon (3/15)

Altars:

Annotations:
D:2 Sigmund


Innate Abilities, Weirdness & Mutations

You have a pair of small horns on your head.
When hurt, damage is shared between your health and your magic reserves.


Message History

The orc hits you from afar with a +0 trident of venom.
* * * LOW HITPOINT WARNING * * *
You are more poisoned.
* * * LOW HITPOINT WARNING * * *
You feel sick.
The orc priest calls upon Beogh to heal the orc.
The orc's wounds heal themselves!
The orc throws a boomerang.
The boomerang barely misses you.
The weapon returns to the orc!
The orc throws a boomerang of dispersal.
The boomerang of dispersal hits you.
You blink.
* * * LOW HITPOINT WARNING * * *
You feel sick.
It was a potion of degeneration.
There was something very wrong with that liquid.
You feel weakened.
You feel dopey.
You feel clumsy.
* * * LOW HITPOINT WARNING * * *
You feel sick.
The orc priest miscasts a cantrip.
The orc throws a boomerang.
The boomerang hits you.
You die...

#.#.# #... .....
####...#####..# .....
.......#...#..######.....
#####..#...#........o.#
#..#...#....o..o..# ##
#..#...#..........### ^
..#..#.........o....... #
#.#....###.#..o..$.....
###.#....# #.#..@........
..#.#....# #.#...........
#.#.#..#.# #.#.#######...
#.#.#..#.. #.#.# ...
#...#..#..##.... .
....#..#..##....
..#.#..#..##.... .......#
#. #.#.#.####.#.


You could see an orc priest and 4 orcs.

Vanquished Creatures
  An ooze (D:1)
  A worm (D:3)
  2 dart slugs (D:1)
  3 goblins
  A hobgoblin (D:1)
  A quokka (D:3)
  A ball python (D:3)
  2 bats
  2 frilled lizards (D:1)
  4 kobolds
  3 rats
21 creatures vanquished.

Notes
Turn   | Place    | Note
-------+----------+-------------------------------------------
     0 | Abyss:1  | DasRunzen the Demonspawn Abyssal Knight began the quest for
                  | the Orb.
     0 | Abyss:1  | Reached XP level 1. HP: 18/18 MP: 2/2
    68 | Abyss:1  | Noticed a wretched star
    69 | D:1      | Escaped the Abyss
   235 | D:1      | Reached skill level 1 in Dodging
   318 | D:1      | Gained mutation: You have a pair of small horns on your
                  | head. [demonic ancestry]
   318 | D:1      | Reached XP level 2. HP: 17/24 MP: 4/4
   563 | D:1      | Reached * piety under Lugonu
  1077 | D:2      | Noticed Sigmund
  1318 | D:3      | Gained mutation: When hurt, damage is shared between your
                  | health and your magic reserves. [demonic ancestry]
  1318 | D:3      | Reached XP level 3. HP: 27/29 MP: 5/5
  1467 | D:3      | HP: 1/29 [poisoned by an orc]
  1467 | D:3      | Hit by a boomerang thrown by an orc

Illustrated notes

Levels and vault maps discovered:
D:1:      evilmike_arrival_plus, layout_loops_corners
D:2:      layout_loops_cross, minmay_misc_feat_x, uniq_sigmund, uniq_robin
D:3:      layout_basic, gammafunk_ghost_arena

Skill      XL: |  1  2 |
---------------+-------+-----
Dodging        | 1 |  1.3
Armour         | 2 |  2.1
Polearms       | 2 |  2.1
Invocations    | 3 |  3.0
Fighting       | |  3.2
Shields        | |  0.1

Action                   || total
-------------------------++-------
Melee: Spear             ||    67
       Headbutt          ||     6
Invok: Depart the Abyss  ||     1
  Use: Scroll            ||     4
       Potion            ||     1
 Stab: Sleeping          ||     2
Armor: Leather armour    ||     8
Dodge: Dodged            ||    12
Block: Buckler           ||     1
